 Dungeon Crawl Stone Soup version 0.26-a0-597-gb535b0901c (webtiles) character file.

Game seed: 1583996775687709212

3 Lanoc the Grasshopper (level 1, -1/12 HPs)
             Began as a Deep Elf Warper on Sept 3, 2020.
             Slain by a goblin
             ... wielding a +0 club
              (2 damage)
             ... on level 1 of the Dungeon.
             The game lasted 00:00:26 (296 turns).

Lanoc the Grasshopper (Deep Elf Warper)              Turns: 296, Time: 00:00:27

Health: -1/12      AC:  3    Str:  8    XL:     1   Next: 41%
Magic:  6/6        EV: 12    Int: 17    God:
Gold:   33         SH:  0    Dex: 14    Spells: 6/6 levels left

rFire    . . .     SeeInvis .   a - +0 short sword
rCold    . . .     Faith    .   (no shield)
rNeg     . . .     Spirit   .   b - +0 leather armour
rPois    .         Reflect  .   (no helmet)
rElec    .         Harm     .   (no cloak)
rCorr    .                      (no gloves)
MR       .....                  (no boots)
Stlth    +.........             (no amulet)
HPRegen  0.04/turn              (no ring)
MPRegen  0.10/turn              (no ring)

@: no status effects
A: no striking features
a: no special abilities


You were on level 1 of the Dungeon.
You visited 1 branch of the dungeon, and saw 1 of its levels.

You collected 33 gold pieces.

Inventory:

Hand Weapons
 a - a +0 short sword (weapon)
Missiles
 e - 3 boomerangs of dispersal (quivered)
Armour
 b - a +0 leather armour (worn)
Scrolls
 c - a scroll of teleportation {unknown}
 d - a scroll of blinking
 g - a scroll of identify {unknown}
Potions
 f - a potion of might {unknown}


   Skills:
 + Level 1.7 Fighting
 - Level 2.0 Short Blades
 - Level 1.0 Throwing
 - Level 0.7 Armour
 + Level 2.6 Dodging
 - Level 3.0 Spellcasting
   Level 3.2 Translocations


You had 6 spell levels left.
You didn't know any spells.
Your spell library contained the following spells:

 Spells                   Type           Power        Failure   Level
 Blink                    Tloc           N/A          10%         2
 Gell's Gravitas          Tloc           ##........   19%         3
 Lesser Beckoning         Tloc           ##........   19%         3
 Teleport Other           Tloc           ##......     19%         3
 Passage of Golubria      Tloc           N/A          54%         4


Dungeon Overview and Level Annotations

Branches:
Dungeon (1/15)

Altars:


Message History

The goblin hits you with a +0 club.
You are too injured to fight recklessly!
You are too injured to fight recklessly!
The goblin hits you with a +0 club.
* * * LOW HITPOINT WARNING * * *
Throwing (i - inventory)
e - 5 boomerangs of dispersal (quivered)
Press: ? - help, Shift-Dir - straight line, f - goblin
Aim: a goblin, wielding a +0 club You throw a boomerang of dispersal.
The boomerang of dispersal closely misses the goblin.
The boomerang of dispersal misses the frilled lizard.
The goblin closely misses you.
Throwing (i - inventory)
e - 4 boomerangs of dispersal (quivered)
Press: ? - help, Shift-Dir - straight line, f/p - goblin
Aim: a goblin, wielding a +0 club You throw a boomerang of dispersal.
The boomerang of dispersal barely misses the goblin.
The boomerang of dispersal barely misses the frilled lizard.
The goblin hits you with a +0 club.
You die...

.............#.##.####......
........................>#.
..........................#.#
..!...........#..............
#...#..........##...........
#...##.............##.......
#....#..####.......# ....#.#
#....#..####.......# ...#
#........lg@....#.## ....
#.......####....#.# ####
#...............#.# #.<>
#.......####.#..#.# #...
#.......# #.#..#.# #...
+........ .. ... #..ยง
#......... .# ..# ..#...
....##..... .. ... .......
.... #...... ...##.#


You could see a goblin and a frilled lizard.

Vanquished Creatures
  A bat (D:1)
  A goblin (D:1)
  A rat (D:1)
3 creatures vanquished.

Notes
Turn   | Place    | Note
-------+----------+-------------------------------------------
     0 | D:1      | Lanoc the Deep Elf Warper began the quest for the Orb.
     0 | D:1      | Reached XP level 1. HP: 12/12 MP: 6/6
   296 | D:1      | Slain by a goblin

Illustrated notes

Levels and vault maps discovered:
D:1:      dpeg_arrival_fog, layout_basic

Action                   || total
-------------------------++-------
Melee: Short sword       ||    13
Throw: Boomerang         ||     2
Armor: Leather armour    ||     2
Dodge: Dodged            ||     9

Table legend: (Time is in decaauts)
 A = Elapsed time spent in this place.
 B = Non-inter-level travel time spent in this place.
 C = Inter-level travel time spent in this place.
 D = Time resting spent in this place.
 E = Time spent auto-exploring this place.
 F = Levels seen in this place.
 G = Mean time per level.
                   A        B        C        D        E       F      G
               +--------+--------+--------+--------+--------+-----+--------+
         Total |    296 |    296 |      0 |      0 |    256 |   1 |  296.0 |
       Dungeon |    296 |    296 |      0 |      0 |    256 |   1 |  296.0 |
               +--------+--------+--------+--------+--------+-----+--------+

Top non-repeatable levels by time:
     D:1: 296 daAuts
